 Dungeon Crawl Stone Soup version 0.20.1-1-g8b1a95d (webtiles) character file.

48 Peloso the Skirmisher (level 3, -5/29 HPs)
             Began as a Demonspawn Fighter on Aug 3, 2017.
             Slain by a gnoll
             ... wielding a +0 halberd
              (6 damage)
             ... on level 2 of the Dungeon.
             The game lasted 00:02:27 (876 turns).

Peloso the Skirmisher (Demonspawn Fighter)           Turns: 876, Time: 00:02:27

Health: -5/29      AC:  6    Str: 17    XL:     3   Next: 50%
Magic:  3/3        EV:  7    Int:  9    God:
Gold:   41         SH:  9    Dex: 14    Spells: 2/2 levels left

rFire    . . .     SeeInvis .   a - +0 long sword
rCold    . . .     Gourm    .   c - +0 shield
rNeg     . . .     Faith    .   b - +0 scale mail
rPois    .         Spirit   .   (no helmet)
rElec    .         Reflect  .   (no cloak)
rCorr    .         Harm     .   (no gloves)
MR       .....                  (no boots)
Stlth    +.........             (no amulet)
Regen    0.1/turn               (no ring)
MPRegen  0.1/turn               (no ring)

@: no status effects
A: thin skeletal structure 1, demonic guardian 1
a: no special abilities


You were on level 2 of the Dungeon.
You were not hungry.

You visited 1 branch of the dungeon, and saw 2 of its levels.

You collected 41 gold pieces.

Inventory:

Hand Weapons
 a - a +0 long sword (weapon)
Armour
 b - a +0 scale mail (worn)
 c - a +0 shield (worn)
 i - a +0 plate armour
Scrolls
 g - a scroll of magic mapping {unknown}
 h - 3 scrolls of identify {unknown}
 o - a scroll of recharging {unknown}
Potions
 d - a potion of might
 e - a potion of invisibility {unknown}
 j - 2 potions of haste {unknown}
 k - a potion of curing {unknown}
 n - a potion of lignification {unknown}
Comestibles
 f - 2 bread rations
 l - a chunk of flesh
 m - a royal jelly


   Skills:
 + Level 3.4 Fighting
 + Level 2.4 Long Blades
 + Level 2.8 Armour
 + Level 0.3 Dodging
 + Level 3.1 Shields


You had 2 spell levels left.
You didn't know any spells.

Dungeon Overview and Level Annotations

Branches:
Dungeon (2/15)

Altars:
Dithmenos


Innate Abilities, Weirdness & Mutations

You have a somewhat thin skeletal structure. (Dex +2, Stealth)
A weak demonic guardian rushes to your aid.


Message History

The gnoll hits you but does no damage. You block the hobgoblin's attack.
A gnoll comes into view. It is wielding a halberd.
The gnoll shouts!
You slash the hobgoblin!
You kill the hobgoblin!
The gnoll barely misses you.
You riposte.
You hit the gnoll but do no damage. The gnoll hits you with a flail!
You see here a hobgoblin corpse.
Your shield and scale mail prevent you from hitting the gnoll.
Your iron imp barely misses the gnoll.
You block the gnoll's attack.
The gnoll hits you from afar with a halberd!
* * * LOW HITPOINT WARNING * * *
You slash the gnoll!
The gnoll is severely wounded.
Your iron imp hits the gnoll.
The gnoll barely misses you. You block the gnoll's attack.
You hit the gnoll.
You kill the gnoll!
The gnoll hits you from afar with a halberd.
You die...

............##
########.)### #.#
#########.######.#######
.......................
#########.####.......#
#.# .......# #.# ...g..#
#.# #....$# #.# #@5...#
#.######....##
#...........#
###########.# .# #


You could see a gnoll and a friendly iron imp.

Vanquished Creatures
  A gnoll (D:2)
  A worm (D:2)
  A leopard gecko (D:1)
  2 giant cockroaches (D:1)
  5 hobgoblins
  4 jackals (D:1)
  2 bats (D:1)
  3 frilled lizards
  8 goblins (D:1)
  4 rats
31 creatures vanquished.

Notes
Turn   | Place    | Note
-------+----------+-------------------------------------------
     0 | D:1      | Peloso the Demonspawn Fighter began the quest for the Orb.
     0 | D:1      | Reached XP level 1. HP: 18/18 MP: 1/1
   187 | D:1      | Gained mutation: You have a somewhat thin skeletal structure. (Dex +2, Stealth) [demonic ancestry]
   187 | D:1      | Reached XP level 2. HP: 24/24 MP: 2/2
   465 | D:1      | Gained mutation: A weak demonic guardian rushes to your aid. [demonic ancestry]
   465 | D:1      | Reached XP level 3. HP: 27/29 MP: 3/3
   828 | D:2      | Found a shadowy altar of Dithmenos.
   874 | D:2      | HP: 1/29 [gnoll/halberd (10)]
   876 | D:2      | Slain by a gnoll

Skill      XL: |  1  2 |
---------------+-------+-----
Long Blades    | 2 |  2.4
Shields        | 3 |  3.1
Fighting       | |  3.4
Armour         | |  2.8
Dodging        | |  0.3

Action                   || total
-------------------------++-------
Melee: Long sword        ||   108
Armor: Scale mail        ||    57
Dodge: Dodged            ||    25
Block: Shield            ||    60
       Rpst.: Long sword ||    10
